 Dungeon Crawl Stone Soup version 0.16-a0-296-gbdb9f68 (webtiles) character file.

16 Kashira the Sneak (level 2, -6/22 HPs)
             Began as a Naga Enchanter on Aug 29, 2014.
             Mangled by a worm (11 damage)
             ... on Level 2 of the Dungeon.
             The game lasted 00:03:49 (1289 turns).

Kashira the Sneak (Naga Enchanter)                  Turns: 1289, Time: 00:03:49

HP  -6/22        AC  2     Str 10      XL: 2   Next: 58%
MP   0/4         EV 10     Int 15      God:
Gold 60          SH  0     Dex 11      Spells:  3 memorised,  0 levels left

rFire  + . .     SeeInvis +     a - +1 dagger
rCold  . . .     Clarity  .     b - +1 robe
rNeg   . . .     rCorr    .     (no shield)
rPois  +         rRot     .     (no helmet)
rElec  .         Spirit   .     (no cloak)
SustAb .         Warding  .     (no gloves)
rMut   .         Stasis   .     (no barding)
Gourm  .                        (no amulet)
MR     .....                    (no ring)
                                m - ring of protection from fire

@: bonded with blade, very slow, not resistant to hostile enchantments, fairly
stealthy
A: spit poison, see invisible, deformed body, poison resistance, slowness 2
a: Spit Poison


You were on level 2 of the Dungeon.
You were very hungry.

You visited 1 branch of the dungeon, and saw 2 of its levels.

You collected 60 gold pieces.

Inventory:

Hand weapons
 a - a +1 dagger (weapon)
 i - a +0 whip
 l - a +0 dagger
 u - a +0 hunting sling
Missiles
 e - 21 arrows
Armour
 b - a +1 robe (worn)
 f - a +0 cloak
Comestibles
 d - a bread ration
 n - a slice of pizza
Scrolls
 h - 4 scrolls of identify {unknown}
 k - a scroll of teleportation {unknown}
 q - a scroll of remove curse {unknown}
 r - a scroll of random uselessness {unknown}
 t - a scroll of amnesia {unknown}
Jewellery
 m - a ring of protection from fire (left hand)
Potions
 j - 2 potions of invisibility {unknown}
 o - a potion of degeneration {unknown}
 p - a potion of lignification {unknown}
 v - a potion of mutation {unknown}
Books
 c - a book of Maledictions

   Spells                             Type                      Level
   *Corona                            Hexes                        1
   *Sure Blade                        Hexes/Charms                 2
   *Ensorcelled Hibernation           Hexes/Ice                    2
   Confuse                            Hexes                        3
   Dazzling Spray                     Conjuration/Hexes            3
   Enslavement                        Hexes                        4


   Skills:
 + Level 1.1 Short Blades
 + Level 1.8 Dodging
 + Level 4.6 Stealth
 + Level 2.2 Spellcasting
 + Level 3.2 Hexes


You couldn't memorise any spells.
You knew the following spells:

 Your Spells              Type           Power        Failure   Level  Hunger
a - Corona                Hex            ##.....      8%          1    #......
b - Ensorcelled Hibernat  Hex/Ice        #.....       17%         2    ###....
c - Sure Blade            Hex/Chrm       #.........   17%         2    ###....


Dungeon Overview and Level Annotations

Branches:
Dungeon (2/15)

Altars:


Innate Abilities, Weirdness & Mutations

You cannot wear boots.
You can spit poison.
You have supernaturally acute eyesight.
Armour fits poorly on your strangely shaped body.
Your system is resistant to poisons.
You cover ground very slowly.


Message History

The bond with your blade fades away.
There is a stone staircase leading down here.
You barely miss the worm.
The worm is severely wounded.
The worm bites you.
* * * LOW HITPOINT WARNING * * *
Casting: Sure Blade
Confirm with . or Enter, or press ? or * to list all spells.
You become one with your weapon.
You hit the worm but do no damage.
The worm is severely wounded.
The worm bites you.
* * * LOW HITPOINT WARNING * * *
You hit the worm.
The worm is severely wounded.
You hit the worm.
The worm is severely wounded.
The worm bites you!
Ouch! That really hurt!
You die...

.................
%........#..#.#.#
.....(.....(.....#.
..........#.(........
..................#.
.................$...
.....................
...........w......>..
..#........@....#.......
..#..##.....#...........#
.$......................
............#...#.#....
.#.........#.........
#...............#..#
.................#..#
#...............#..###
#..##....#.....#<...##


You could see a worm.

Vanquished Creatures
  5 goblins (D:1)
  A hobgoblin (D:1)
  3 kobolds (D:1)
  A ball python (D:1)
  3 bats (D:1)
  A giant newt (D:1)
14 creatures vanquished.

Notes
Turn   | Place    | Note
--------------------------------------------------------------
     0 | D:1      | Kashira, the Naga Enchanter, began the quest for the Orb.
     0 | D:1      | Reached XP level 1. HP: 15/15 MP: 3/3
   467 | D:1      | Reached XP level 2. HP: 14/22 MP: 2/4
  1269 | D:2      | Learned a level 2 spell: Ensorcelled Hibernation
  1272 | D:2      | Learned a level 2 spell: Sure Blade
  1289 | D:2      | Mangled by a worm

Action                   || total
-------------------------++-------
Melee: Dagger            ||    30
Throw: Javelin           ||    13
       Stone             ||     3
 Cast: Corona            ||    10
       Sure Blade        ||     2
